AoeStats
← Rodrigo6714

Arabia

507372274Analyzed
1v1 RM · 2mo ago on Sep 17, 2026· 36m 12s· 2 players
Game mode
Random Map
Map size
Tiny (2 player)
Population
200
Speed
Normal
Resources
Standard
Victory
Conquest
Starting age
Dark Age
Ending age
Imperial Age
RankedLock teamsTeams togetherTeam positionsShared explorationLock speedFull tech treeHidden civsTurbo modeCheats
Victory
Defeat
🇨🇱 Mapuche · Chile
1037
+15
vs
🇨🇱 Persians · Chile
1016
-15
brionesbucarey
6:54 Loom
9:31 Feudal Age
10:27 Double-Bit Axe
14:53 Horse Collar
21:07 Castle Age
20:59 Padded Archer Armor
20:49 Fletching
21:05 Gold Mining
22:17 Crossbowman
23:21 Leather Archer Armor
23:01 Bodkin Arrow
23:10 Husbandry
25:48 Bloodlines
27:07 Bodkin Arrow
30:14 Wheelbarrow
31:23 Ballistics
31:22 Town Watch
34:52 Heavy Plow
35:41 Light Cavalry
Rodrigo6714
1:01 Loom
10:31 Feudal Age
11:01 Double-Bit Axe
10:58 Horse Collar
21:58 Castle Age
20:41 Fletching
20:51 Padded Archer Armor
21:12 Gold Mining
23:05 Bow Saw
23:02 Heavy Plow
23:02 Bodkin Arrow
25:00 Leather Archer Armor
26:12 Ballistics
30:32 Wheelbarrow
34:48 Imperial Age
34:09 Stone Mining
35:08 Hand Cart
36:09 Ring Archer Armor
36:02 Murder Holes
37:08 Chemistry
Connection lost

Rejoining the realm…

Still unreachable

The connection could not be restored.

Session expired

The server has moved on; the page needs a fresh start.